 Dungeon Crawl Stone Soup version 0.30.1-3-gfc49f6343a (webtiles) character file.

Game seed: 14808277607811393947

193 Atelerd the Digger (level 5, -1/76 HPs)
             Began as an Octopode Earth Elementalist on Aug 9, 2023.
             Slain by Duvessa
             ... wielding a +3 short sword of flaming
              (2 damage)
             ... on level 4 of the Dungeon.
             The game lasted 00:05:45 (3393 turns).

Atelerd the Digger (Octopode Earth Elementalist)    Turns: 3393, Time: 00:05:46

Health: -1/76      AC: 22    Str:  7    XL:     5   Next: 72%
Magic:  1/8        EV:  2    Int: 18    God:
Gold:   55         SH:  0    Dex: 14    Spells: 8/9 levels left

rFire   . . .        g - +0 short sword
rCold   . . .        (no shield)
rNeg    . . .        (helmet currently unavailable)
rPois   +            (no amulet)
rElec   .            (no ring)
rCorr   .            (no ring)
SInv    .            (no ring)
Will    .....        (no ring) Stlth
                     (no ring)
HPRegen 0.32/turn    (no ring)
MPRegen 0.11/turn    (no ring)
                     (no ring)

%: random rage (3%)
@: mighty, berserking, tree-form, attractive, very quick
A: stationary, stasis, torment immunity, boosted hp, almost no armour,
(amphibious), 8 rings, (camouflage 1), (gelatinous body 1), (nimble swimmer 1),
(tentacles), berserk 1, low MP 1, robust 1, (cold vulnerability 1)
a: no special abilities


You were on level 4 of the Dungeon.
You were a tree.
You visited 1 branch of the dungeon, and saw 4 of its levels.

You collected 209 gold pieces.
You spent 154 gold pieces at shops.

Inventory:

Hand Weapons
 g - a +0 short sword (weapon)
Scrolls
 c - a scroll of magic mapping {unknown}
 f - 3 scrolls of identify {unknown}
 h - a scroll of immolation {unknown}
 j - a scroll of blinking {unknown}
 n - a scroll of teleportation {unknown}
 o - a scroll of vulnerability {unknown}
 r - a scroll of fear {unknown}
Potions
 a - a potion of magic
 e - 3 potions of curing
 i - a potion of ambrosia {unknown}
 k - 2 potions of lignification
 l - a potion of attraction
 m - a potion of haste {unknown}
 p - a potion of heal wounds {unknown}
 q - a potion of resistance {unknown}


   Skills:
 - Level 2.0 Dodging
 + Level 4.1 Stealth
 + Level 2.8 Spellcasting
 * Level 3.1 Transmutations
 * Level 4.2 Earth Magic


You had 8 spell levels left.
You knew the following spells:

 Your Spells              Type           Power      Damage    Failure   Level
a - Sandblast             Erth           34%        2d9       3%          1

Your spell library contained the following spells:

 Spells                   Type           Power      Damage    Failure   Level
 Passwall                 Tmut/Erth      12%        N/A       5%          2
 Freeze                   Ice            8%         1d3       17%         1
 Stone Arrow              Conj/Erth      20%        3d8       21%         3
 Lesser Beckoning         Tloc           4%         N/A       26%         2
 Static Discharge         Conj/Air       4%         2-3/arc   26%         2
 Petrify                  Tmut/Erth      15%        N/A       36%         4
 Frozen Ramparts          Ice            4%         1d1       45%         3
 Gell's Gravitas          Tloc           2%         N/A       45%         3
 Hailstorm                Conj/Ice       2%         3d3       45%         3
 Teleport Other           Tloc           2%         N/A       45%         3
 Airstrike                Air            1%         2d(1-17)  86%         4
 Summon Lightning Spire   Summ/Air       2%         N/A       86%         4


Dungeon Overview and Level Annotations

Branches:
Dungeon (4/15)
 Temple: D:4-7

Altars:
Zin

Shops:
D:1 !

Annotations:
D:3 exclusion: downstairs
D:4 Duvessa


Innate Abilities, Weirdness & Mutations

You are a tree.
Your roots penetrate the ground, keeping you stationary.
You cannot be teleported.
You are immune to unholy pain and torment.
Your maximum health is greatly increased.
You cannot wear most types of armour.
((You are amphibious.))
You can wear up to eight rings at the same time.
((Your skin changes colour to match your surroundings (Stealth+).))
((Your rubbery body absorbs attacks. (AC +1, EV +1)))
((You are camouflaged when in or above water. (Stealth+)))
((You have tentacles for arms and can constrict up to eight enemies at once.))
You sometimes lose your temper in combat.
Your magical capacity is low. (-10% MP)
You are robust. (+10% HP)
((You are vulnerable to cold. (rC-)))


Message History

Duvessa hits you but does no damage.
Duvessa hits you with a +3 short sword of flaming.
Duvessa burns you.
The blast of sand hits Duvessa but does no damage.
Duvessa is lightly wounded.
Duvessa hits you with a +3 short sword of flaming!
Duvessa burns you. Duvessa hits you but does no damage.
The blast of sand misses Duvessa.
Duvessa hits you with a +3 short sword of flaming!
* * * LOW HITPOINT WARNING * * *
Duvessa burns you.
* * * LOW HITPOINT WARNING * * *
Duvessa hits you with a +3 short sword of flaming.
* * * LOW HITPOINT WARNING * * *
Duvessa burns you.
* * * LOW HITPOINT WARNING * * *
It was a potion of attraction.
You feel attractive to monsters. Duvessa hits you but does no damage.
Duvessa hits you with a +3 short sword of flaming.
* * * LOW HITPOINT WARNING * * *
Duvessa burns you.
* * * LOW HITPOINT WARNING * * *
It was a potion of might.
You feel very mighty all of a sudden. Duvessa hits you but does no damage.
It was a potion of berserk rage.
A red film seems to cover your vision as you go berserk!
You feel yourself moving faster!
You feel mighty!
Duvessa hits you with a +3 short sword of flaming.
* * * LOW HITPOINT WARNING * * *
Duvessa burns you.
* * * LOW HITPOINT WARNING * * *
Duvessa hits you but does no damage.
You hit Duvessa but do no damage. Duvessa hits you but does no damage.
You hit Duvessa but do no damage.
Duvessa hits you with a +3 short sword of flaming.
* * * LOW HITPOINT WARNING * * *
Duvessa burns you.
You die...

. #.# .. #.# ##################
..####.#### #.................
..>.......# #.###############.
..........# #.###############.
.....S....# #.................
..........# #..#############..
........).######............# #..
######.###.....e♣...#######<###..
#.# #.#####....#............
######.###.# #...#.#...#.######.
..e........# #.###.###.#......#.
#######.#######.# #.#†.........#.
# #.........#.###.#.#.########. #
#.#e#####.#.#.....#.#......#.
#####.#{# #.#.#^#.#.#.#.####.#.
#.....#.# #.#.#.#.#........#.#.


You could see Duvessa (berserk).

Vanquished Creatures
  Dowan (D:4)
  An orc wizard (D:4)
  5 adders
  2 worms (D:2)
  3 dart slugs
  An orc (D:3)
  4 ball pythons
  7 endoplasms
  A giant cockroach (D:1)
  6 goblins
  5 hobgoblins
  12 jackals
  A quokka (D:1)
  7 bats
  4 frilled lizards
  A kobold (D:1)
  3 rats (D:1)
64 creatures vanquished.

Notes
Turn   | Place    | Note
-------+----------+-------------------------------------------
     0 | D:1      | Atelerd the Octopode Earth Elementalist began the quest for
                  | the Orb.
     0 | D:1      | Reached XP level 1. HP: 11/11 MP: 3/3
   426 | D:1      | Reached XP level 2. HP: 17/17 MP: 3/5
   494 | D:1      | Found Ucyzuffa's Distillery.
   504 | D:1      | Bought a potion of curing for 33 gold pieces
  1041 | D:2      | Reached XP level 3. HP: 21/21 MP: 0/6
  1444 | D:2      | Found a faded altar of an unknown god.
  1716 | D:2      | Reached XP level 4. HP: 27/27 MP: 4/7
  1801 | D:2      | Found a glowing silver altar of Zin.
  2780 | D:1      | Bought a potion of lignification for 33 gold pieces
  2780 | D:1      | Bought a potion of mutation for 88 gold pieces
  2780 | D:1      | Gained mutation: You are weak. (Str -2) [potion of
                  | mutation]
  2780 | D:1      | Gained mutation: You are somewhat resistant to further
                  | mutation. [potion of mutation]
  2781 | D:1      | Lost mutation: You are weak. (Str -2) [potion of mutation]
  2781 | D:1      | Lost mutation: You are somewhat resistant to further
                  | mutation. [potion of mutation]
  2781 | D:1      | Gained mutation: You are vulnerable to cold. (rC-) [potion
                  | of mutation]
  2781 | D:1      | Gained mutation: Your magical capacity is low. (-10% MP)
                  | [potion of mutation]
  2781 | D:1      | Gained mutation: You sometimes lose your temper in combat.
                  | [potion of mutation]
  2781 | D:1      | Gained mutation: You are robust. (+10% HP) [potion of
                  | mutation]
  2910 | D:4      | Reached XP level 5. HP: 33/34 MP: 6/8
  3118 | D:4      | Noticed Duvessa
  3370 | D:4      | Noticed Dowan
  3372 | D:4      | Killed Dowan
  3393 | D:4      | HP: 1/76 [Duvessa/+3 short sword of flaming (5)]
  3393 | D:4      | Slain by Duvessa

Illustrated notes

Levels and vault maps discovered:
D:1:      dpeg_arrival_radiant, layout_loops_corners, serial_shops, shop,
          minmay_pentomino_w4
D:2:      layout_loops_cross, hellmonk_ecumenical_altar_dog_temple, basic_altar
D:3:      layout_basic
D:4:      layout_basic, kennysheep_vampire_church, uniq_duvessa

Skill      XL: |  1  2  3  4  5 |
---------------+----------------+-----
Stealth        | 3 4 |  4.1
Transmutations | 2 3 |  3.1
Earth Magic    | 4 |  4.2
Dodging        | |  2.0
Spellcasting   | |  2.8

Action                     |  1- 3 |  4- 6 || total
---------------------------+-------+-------++-------
  Melee: Unarmed           |     8 |       ||     8
         Constrict         |     4 |     6 ||    10
         Tentacles         |     4 |     5 ||     9
         Short sword       |     8 |    17 ||    25
         Punch             |       |     2 ||     2
   Cast: Sandblast         |    47 |    33 ||    80
    Use: Potion            |       |     6 ||     6
   Stab: Sleeping          |     1 |     1 ||     2
 Armour: Skin              |     5 |    13 ||    18
  Dodge: Dodged            |    19 |    25 ||    44
